 Dungeon Crawl Stone Soup version 0.25.0-45-g978344163c (webtiles) character file.

Game seed: 14229192145437973867

2597 Errno the Cleaver (level 9, 0/85 HPs)
             Began as a Minotaur Fighter on July 10, 2020.
             Was a Priest of Okawaru.
             Slain by an iguana (10 damage)
             ... on level 9 of the Dungeon on July 11, 2020.
             The game lasted 00:29:06 (5417 turns).

Errno the Cleaver (Minotaur Fighter)                Turns: 5417, Time: 00:29:06

Health: 0/85       AC: 12    Str: 30    XL:     9   Next: 33%
Magic:  8/8        EV:  5    Int:  5    God:    Okawaru [***...]
Gold:   242        SH: 10    Dex: 10    Spells: 8/8 levels left

rFire    . . .     SeeInvis .   a - +0 war axe
rCold    . . .     Gourm    .   c - +0 kite shield
rNeg     . . .     Faith    .   s - +0 plate armour
rPois    .         Spirit   .   (helmet restricted)
rElec    .         Reflect  .   v - +0 cloak
rCorr    .         Harm     .   (no gloves)
MR       .....                  (no boots)
Stlth    ..........             (no amulet)
HPRegen  0.24/turn              l - +6 ring of strength
MPRegen  0.11/turn              (no ring)

@: mighty
A: retaliatory headbutt, horns 2
a: Heroism, Renounce Religion


You were on level 9 of the Dungeon.
You worshipped Okawaru.
Okawaru was most pleased with you.
You were not hungry.

You visited 2 branches of the dungeon, and saw 8 of its levels.

You collected 242 gold pieces.

Inventory:

Hand Weapons
 a - a +0 war axe (weapon)
Missiles
 j - 217 stones (quivered)
Armour
 b - a +1 scale mail
 c - a +0 kite shield (worn)
 s - a +0 plate armour (worn)
 v - a +0 cloak (worn)
Jewellery
 i - an uncursed ring of fire {unknown}
 l - a +6 ring of strength (left hand)
Wands
 y - a wand of enslavement (12)
Scrolls
 k - 2 scrolls of remove curse
 n - 2 scrolls of teleportation
 o - 2 scrolls of identify
 p - 3 scrolls of enchant weapon {unknown}
 q - a scroll of magic mapping {unknown}
 t - a scroll of summoning {unknown}
 u - a scroll of amnesia
 x - a scroll of enchant armour
Potions
 d - 3 potions of might
 e - a potion of flight {unknown}
 g - a potion of haste {unknown}
 h - 3 potions of curing
 m - a potion of resistance {unknown}
 r - 2 potions of stabbing {unknown}
 w - a potion of lignification {unknown}
 z - a potion of heal wounds
 A - a potion of ambrosia {unknown}
Comestibles
 f - 9 rations


   Skills:
 + Level 9.9 Fighting
 * Level 12.0 Axes
 - Level 3.6 Armour
 - Level 3.6 Shields


You had 8 spell levels left.
You didn't know any spells.
Your spell library was empty.

Dungeon Overview and Level Annotations

Branches:
Dungeon (6/15)             Temple (1/1) D:4

Altars:
Ashenzari
Cheibriados
Elyvilon
Fedhas
Gozag
Hepliaklqana
Kikubaaqudgha
Makhleb
Nemelex Xobeh
Okawaru
Qazlal
Ru
Sif Muna
Trog
Uskayaw
Vehumet
Wu Jian
Xom
Yredelemnul
Zin
The Shining One

Shops:
D:4 }


Innate Abilities, Weirdness & Mutations

You reflexively headbutt those who attack you in melee.
You have a pair of horns on your head.


Message History

Okawaru says: Bring me glory in combat!
Press ? for a list of commands and other information.
i - a tubular peridot ring
z - a potion of heal wounds
Things that are here:
a +0 hat; the elephant slug corpse of Gastronok
y - a wand of enslavement (12)
Found a mace.
A - a metallic red potion You see here a leather armour.
You see here a mace.
You open the door.
There is an open door here.
An iguana comes into view.
The iguana hisses angrily.
The iguana hisses menacingly.
The iguana bites you!
* * * LOW HITPOINT WARNING * * *
You closely miss the iguana. The iguana bites you!
You die...

################'#######
#.........# #.........#
#.........+ #.........#
#.........# #.........#
#.........# #..@......#
+..l......# #.........#
............
#............
+............
#............
#............


You could see an iguana.

Vanquished Creatures
  Gastronok (D:9)
  The ghost of IHuginn the Skirmisher, an amateur MiBe of Trog (D:3)
  An ogre (D:4)
  A centaur (D:9)
  A scorpion (D:4)
  A howler monkey (D:3)
  A centaur zombie (D:5)
  A bullfrog zombie (D:5)
  2 orc priests
  3 hounds
  3 orc wizards
  A gnoll shaman (D:5)
  3 iguanas
  3 worker ants
  Robin (D:2)
  7 adders
  A shadow imp (D:5)
  An adder skeleton (D:4)
  3 worms
  2 dart slugs
  3 leopard geckos
  11 orcs
  9 bats
  2 giant cockroaches
  16 goblins
  9 hobgoblins
  4 jackals (D:1)
  2 quokkas
  7 kobolds
  3 rats (D:1)
104 creatures vanquished.

Notes
Turn   | Place    | Note
-------+----------+-------------------------------------------
     0 | D:1      | Errno the Minotaur Fighter began the quest for the Orb.
     0 | D:1      | Reached XP level 1. HP: 19/19 MP: 0/0
   204 | D:1      | Reached XP level 2. HP: 27/27 MP: 1/1
   317 | D:1      | Reached skill level 3 in Axes
   651 | D:1      | Reached XP level 3. HP: 34/34 MP: 2/2
  1090 | D:2      | Noticed Robin
  1101 | D:2      | Reached skill level 5 in Fighting
  1117 | D:2      | Killed Robin
  1173 | D:2      | Reached XP level 4. HP: 19/42 MP: 3/3
  1973 | D:2      | Reached skill level 4 in Axes
  2232 | D:3      | Found a runed translucent door.
  2232 | D:3      | Noticed IHuginn's ghost (amateur MiBe)
  2246 | D:3      | Killed IHuginn's ghost
  2246 | D:3      | Reached skill level 5 in Axes
  2246 | D:3      | Reached XP level 5. HP: 41/50 MP: 4/4
  3066 | D:4      | Reached XP level 6. HP: 31/57 MP: 5/5
  3082 | D:3      | Reached skill level 6 in Axes
  3384 | D:4      | Found Xedunnin's Gadget Shoppe.
  3554 | D:4      | Reached skill level 7 in Axes
  3556 | D:4      | Reached XP level 7. HP: 42/64 MP: 6/6
  3787 | D:4      | Found a staircase to the Ecumenical Temple.
  3827 | Temple   | Entered the Ecumenical Temple
  3891 | Temple   | Became a worshipper of Warmaster Okawaru
  4147 | D:5      | Entered Level 5 of the Dungeon
  4273 | D:5      | Reached skill level 8 in Axes
  5330 | D:6      | You fall into a shaft and drop 3 floors!
  5343 | D:9      | Reached skill level 9 in Axes
  5343 | D:9      | Reached XP level 8. HP: 48/74 MP: 7/7
  5362 | D:9      | Noticed Gastronok
  5377 | D:9      | Killed Gastronok
  5377 | D:9      | Reached * piety under Okawaru
  5377 | D:9      | Reached ** piety under Okawaru
  5377 | D:9      | Reached *** piety under Okawaru
  5377 | D:9      | Reached skill level 12 in Axes
  5377 | D:9      | Reached XP level 9. HP: 7/85 MP: 8/8
  5378 | D:9      | Upgraded the game from 0.25.0-41-g26779e291d to
                  | 0.25.0-45-g978344163c
  5417 | D:9      | Slain by an iguana

Illustrated notes

Levels and vault maps discovered:
D:1:      erik_arrival_blinker_ship, layout_basic
D:2:      layout_basic, uniq_robin
D:3:      layout_basic, gammafunk_ghost_grave, dk_noncrumbling_4
D:4:      layout_cave_pools, temple_statues, serial_shops, shop, first_ration,
          st_stairs_11, kennysheep_generic_room_2
D:5:      minmay_general_purpose_star, layout_basic, hangedman_decor_points
D:6:      layout_gridville, hellmonk_ghost_happy_afterlife
D:9:      layout_stronghold, nicolae_overflow_hidden_temple, minivault_25,
          uniq_gastronok, uniq_maurice
Temple:   compressed_dpeg_circular_temple

Skill      XL: |  1  2  3  4  5  6  7  8 |
---------------+-------------------------+-----
Fighting       | 4 5 6 7 9 |  9.9
Axes           | 3 5 7 9 12 | 12.0
Armour         | |  3.6
Shields        | |  3.6

Action                   |  1- 3 |  4- 6 |  7- 9 || total
-------------------------+-------+-------+-------++-------
Melee: War axe           |    95 |   106 |    61 ||   262
       Headbutt          |    10 |    18 |    17 ||    45
  Use: Scroll            |     2 |     5 |     1 ||     8
       Potion            |       |     2 |     3 ||     5
  Eat: Chunk             |     1 |     8 |     2 ||    11
       Ration            |       |       |     1 ||     1
Armor: Scale mail        |    54 |    46 |     9 ||   109
       Plate armour      |       |       |    12 ||    12
Dodge: Dodged            |    31 |    34 |    16 ||    81
Block: Kite shield       |    56 |    66 |    22 ||   144
